 Dungeon Crawl Stone Soup version 0.31.0-1-g2c135a008e (webtiles) character file.

Game seed: 2154016292238515304

190 qw the Shooter (level 6, -2/46 HPs)
             Began as a Djinni Hunter on Jan 23, 2024.
             Slain by a sky beast (3 damage)
             ... on level 3 of the Dungeon.
             The game lasted 00:00:07 (1995 turns).

qw the Shooter (Djinni Hunter)                      Turns: 1995, Time: 00:00:08

Health: -2/46      AC: 10    Str: 20    XL:     6   Next: 1%
Gold:   153        EV: 13    Int:  9    God:
                   SH:  0    Dex: 18

rFire   + + .        a - +0 shortbow (elec)
rCold   x . .        (shield currently unavailable)
rNeg    . . .        c - +0 leather armour
rPois   inf          e - +2 helmet
rElec   .            i - +1 cloak
rCorr   .            g - +1 pair of gloves
SInv    .            (boots unavailable)
Will    .....        (no amulet)
Stlth   ++           d - +6 ring of strength
HPRegen 0.27/turn    (no ring)
MPRegen 0.00/turn

%: infuse magic (-3 HP)
@: flying
A: sickness immunity, fire resistance 2, cold vulnerability 1, float, innate
caster, HP casting, extra vitality 1, strong 1, MP-powered wands
a: no special abilities


You were on level 3 of the Dungeon.
You visited 1 branch of the dungeon, and saw 3 of its levels.

You collected 153 gold pieces.


Innate Abilities, Weirdness & Mutations

You are immune to sickness and miasma.
You are immune to poison.
Your flesh is very heat resistant. (rF++)
You are vulnerable to cold. (rC-)
You float through the air rather than walking.
You learn spells naturally, not from books.
Your magical power is your life essence.
You have superior vitality. (+4 MHP)
Your muscles are strong. (Str +4, Int/Dex -1)
You expend health (3 HP) to strengthen your wands.


   Skills:
 - Level 3.3 Fighting
 + Level 4.2 Ranged Weapons
 - Level 2.0 Armour
 - Level 3.2 Dodging
 - Level 0.7 Stealth


You knew the following spells:

 Your Spells              Type           Power      Damage    Failure   Level
a - Foxfire               Conj/Fire      0%         2x1d4     43%         1
b - Call Imp              Summ           0%         N/A       56%         2
Your spell library was empty.

Inventory:

Hand Weapons
 a - a +0 shortbow of electrocution (weapon)
Armour
 b - a +0 ring mail
 c - a +0 leather armour (worn)
 e - a +2 helmet (worn)
 g - a +1 pair of gloves (worn)
 i - a +1 cloak (worn)
Jewellery
 d - a +6 ring of strength (left hand)
Scrolls
 l - a scroll of amnesia {unknown}
Potions
 f - a potion of curing {unknown}
 h - 2 potions of resistance {unknown}
 j - a potion of haste
 k - a potion of heal wounds

Dungeon Overview and Level Annotations

Branches:
Dungeon (3/15)

Altars:
Elyvilon
Wu Jian


Message History

The sky beast hits you. The sky beast shocks you.
You shoot an arrow. The arrow barely misses the sky beast.
The sky beast flickers out of sight!
Deactivating autopickup; reactivate with Ctrl-A.
Something barely misses you.
You shoot an arrow. Something hits you but does no damage.
You shoot an arrow.
Something hits you but does no damage. x2
You shoot an arrow. Something hits you but does no damage.
You shoot an arrow. Something hits you. Something shocks you.
You shoot an arrow. Something hits you but does no damage.
You shoot an arrow. Something hits you but does no damage.
You shoot an arrow.
A sky beast appears from thin air!
Reactivating autopickup.
The sky beast hits you but does no damage.
The sky beast closely misses you.
You shoot an arrow. The arrow hits the sky beast!
The sky beast is almost dead.
The sky beast flickers out of sight!
Deactivating autopickup; reactivate with Ctrl-A.
Something hits you but does no damage.
You shoot an arrow. Something hits you but does no damage.
You shoot an arrow. Something completely misses you.
You shoot an arrow. Something hits you. Something shocks you.
You shoot an arrow. Something hits you but does no damage. Something hits you.
Something shocks you.
You shoot an arrow.
A sky beast appears from thin air!
Reactivating autopickup.
The sky beast hits you.
You die...

# #.# #..................... #
#.# #.......#.###.#.#.#.## #
#.########.....).#.# #.#.#.#.# #
#.##...............# #.#.#.#.# #
#.##.#####<.....#### #.#.#.#.# #
#.##.# #.#...#######.#.#.#.##
###)##.# #.............#.#.#...
.......# ####.Y..#######.#.###.
###)#### #..@........#.#..##. #..
......###.#####......... ####
###### #.# #.........
############# ###.### ##........
............####.....#####.......
###########..........##..........
......# #..###.........####.##.
#####.# #..# #.....##..# #.##. #
#..# #.....##..####.##.


You could see a sky beast.

Vanquished Creatures
  A hound (D:3)
  A bombardier beetle (D:3)
  An orc priest (D:3)
  An orc wizard (D:3)
  2 adders (D:3)
  2 ribbon worms (D:2)
  6 orcs (D:3)
  7 endoplasms
  2 goblins
  2 hobgoblins
  3 jackals (D:1)
  2 quokkas
  4 ball pythons
  5 bats
  2 frilled lizards
  4 kobolds
  3 rats
48 creatures vanquished.

Notes
Turn   | Place    | Note
-------+----------+-------------------------------------------
     0 | D:1      | qw the Djinni Hunter began the quest for the Orb.
     0 | D:1      | Reached XP level 1. HP: 18/18 MP: 0/0
     0 | D:1      | 0 ||| qw: Version: 0.3-a-136-gdd3b4e8
     0 | D:1      | 0 ||| qw: Game counter: 1015
     0 | D:1      | 0 ||| qw: Melee chars always use a shield: true
     0 | D:1      | 0 ||| qw: God list: Okawaru
     0 | D:1      | 0 ||| qw: Allow faded altars: false
     0 | D:1      | 0 ||| qw: Do Orc after clearing Dungeon:15 true
     0 | D:1      | 0 ||| qw: Do second Lair branch before Depths: true
     0 | D:1      | 0 ||| qw: Lair rune preference: random
     0 | D:1      | 0 ||| qw: Goals: Normal
     0 | D:1      | 0 ||| PLANNING D:1-11
   183 | D:1      | Reached XP level 2. HP: 23/23 MP: 0/0
   469 | D:1      | 469 ||| UPGRADING to +2 helmet.
   474 | D:1      | 474 ||| UPGRADING to +0 cloak.
   479 | D:1      | 479 ||| UPGRADING to +6 ring of strength.
   480 | D:1      | 480 ||| READING scroll labelled DUTUOV REXKEI.
   481 | D:1      | 481 ||| READING scroll labelled TIGAESE RUIGHEGY.
   482 | D:1      | 482 ||| READING scroll labelled JAPTOC UWUNALU.
   482 | D:1      | 482 ||| ENCHANTING +0 cloak.
   483 | D:1      | 483 ||| READING scroll labelled LYSOKELI MOU.
   584 | D:1      | 584 ||| DROPPING scroll of butterflies.
   658 | D:2      | Reached skill level 4 in Ranged Weapons
   658 | D:2      | Reached XP level 3. HP: 28/28 MP: 0/0
   658 | D:2      | Learned a level 1 spell: Foxfire
  1033 | D:2      | 1033 ||| UPGRADING to +0 pair of gloves.
  1038 | D:2      | 1038 ||| READING scroll labelled LUPLOU DAGG.
  1039 | D:2      | 1039 ||| READING scroll labelled AFFOWOHIYN.
  1140 | D:2      | 1140 ||| READING 2 scrolls labelled PIUSU FOMEY.
  1140 | D:2      | 1140 ||| IDENTIFYING white potion
  1141 | D:2      | 1141 ||| DRINKING potion of mutation.
  1141 | D:2      | Gained mutation: Your muscles are strong. (Str +4, Int/Dex
                  | -1) [potion of mutation]
  1141 | D:2      | Gained mutation: You expend health (3 HP) to strengthen
                  | your wands. [potion of mutation]
  1142 | D:2      | 1142 ||| READING scroll of identify.
  1142 | D:2      | 1142 ||| IDENTIFYING blue potion
  1143 | D:2      | 1143 ||| READING 2 scrolls labelled MIRYPO XEAC.
  1147 | D:2      | 1147 ||| READING scroll labelled ZOQA MYAHAI.
  1148 | D:2      | 1148 ||| READING 3 scrolls labelled BYUCUH CUGYM.
  1149 | D:2      | 1149 ||| READING scroll labelled OFEILO TELED.
  1149 | D:2      | 1149 ||| BRANDING +0 shortbow.
  1150 | D:2      | 1150 ||| DRINKING 2 glowing silvery potions.
  1151 | D:2      | 1151 ||| DROPPING 2 scrolls of immolation.
  1260 | D:3      | Reached XP level 4. HP: 34/34 MP: 0/0
  1275 | D:3      | 1275 ||| FLEEEEING.
  1276 | D:3      | 1276 ||| FLEEEEING.
  1277 | D:3      | 1277 ||| FLEEEEING.
  1278 | D:3      | 1278 ||| FLEEEEING.
  1279 | D:3      | 1279 ||| FLEEEEING.
  1280 | D:3      | 1280 ||| FLEEEEING.
  1281 | D:3      | 1281 ||| FLEEEEING.
  1282 | D:3      | 1282 ||| FLEEEEING.
  1287 | D:3      | 1287 ||| DRINKING viscous orange potion.
  1288 | D:3      | 1288 ||| DRINKING fizzy clear potion.
  1289 | D:3      | 1289 ||| DRINKING green potion.
  1308 | D:3      | Reached skill level 3 in Fighting
  1308 | D:3      | Reached XP level 5. HP: 37/40 MP: 0/0
  1308 | D:3      | Learned a level 2 spell: Call Imp
  1350 | D:3      | Found a white marble altar of Elyvilon.
  1361 | D:3      | Found an ornate altar of the Wu Jian Council.
  1434 | D:3      | 1434 ||| READING scroll of enchant armour.
  1434 | D:3      | 1434 ||| ENCHANTING +0 pair of gloves.
  1482 | D:3      | Noticed a sky beast
  1495 | D:3      | HP: 6/40 [something (6)]
  1497 | D:3      | 1497 ||| READING scroll of teleportation.
  1498 | D:3      | 1498 ||| DRINKING 2 potions of heal wounds.
  1589 | D:3      | Reached skill level 3 in Dodging
  1796 | D:3      | Reached XP level 6. HP: 43/46 MP: 0/0
  1993 | D:3      | HP: 8/46 [something (6)]
  1994 | D:3      | HP: 1/46 [something (6)]
  1995 | D:3      | Slain by a sky beast

Levels and vault maps discovered:
D:1:      saegor_arrival_simple_b, layout_basic
D:2:      layout_rooms
D:3:      layout_loops_ring, mainiacjoe_overflow_brackets,
          mainiacjoe_overflow_tiny_flanked

Skill      XL: |  1  2  3  4  5 |
---------------+----------------+-----
Ranged Weapons | 4 |  4.2
Armour         | 2 |  2.0
Fighting       | 3 |  3.3
Dodging        | 3 |  3.2
Stealth        | |  0.7

Action                     |  1- 3 |  4- 6 || total
---------------------------+-------+-------++-------
   Fire: Shortbow          |    97 |   108 ||   205
    Use: Scroll            |    12 |     2 ||    14
         Potion            |     2 |     4 ||     6
 Armour: Leather armour    |    24 |    68 ||    92
  Dodge: Dodged            |    25 |    37 ||    62

Table legend:
 A = Non-vault XP
 B = Vault XP
 C = Vault XP percentage of total XP
 D = Non-vault monster count
 E = Vault monster count
 F = Vault count percentage of total count
                 A         B        C        D         E       F
            +---------+---------+-------+---------+---------+-------
      Total |     272 |       0 |   0.0 |      48 |       0 |   0.0
            +---------+---------+-------+---------+---------+-------
        D:1 |      19 |       0 |   0.0 |      12 |       0 |   0.0
        D:2 |      27 |       0 |   0.0 |      13 |       0 |   0.0
        D:3 |     226 |       0 |   0.0 |      23 |       0 |   0.0
            +---------+---------+-------+---------+---------+-------
